 Dungeon Crawl Stone Soup version 0.29-a0-304-gb34f9e1 (webtiles) character file.

Game seed: 12350893896203644886

164 Think the Cutter (level 5, 0/36 HPs)
             Began as an Octopode Fighter on Mar 26, 2022.
             Slain by a jackal (3 damage)
             ... on level 3 of the Dungeon.
             The game lasted 00:07:27 (3325 turns).

Think the Cutter (Octopode Fighter)                 Turns: 3325, Time: 00:07:27

Health: 0/36       AC:  1    Str: 15    XL:     5   Next: 45%
Magic:  5/5        EV: 14    Int: 11    God:
Gold:   212        SH:  6    Dex: 19    Spells: 4/4 levels left

rFire   . . .      SeeInvis .   a - +1 rapier
rCold   + . .      Faith    .   b - +1 buckler
rNeg    . . .      Spirit   .   (helmet restricted)
rPois   .          Reflect  .   (no amulet)
rElec   .          Harm     .   c - ring of protection from cold
rCorr   .          Rampage  .   l - +6 ring of dexterity
Will    .....                   (no ring)
Stlth   +++.......              (no ring)
HPRegen 0.12/turn               (no ring)
MPRegen 0.09/turn               (no ring)
                                (no ring)
                                (no ring)

@: no status effects
A: almost no armour, amphibious, 8 rings, camouflage 1, gelatinous body 1,
(nimble swimmer 1), tentacles
a: no special abilities


You were on level 3 of the Dungeon.
You visited 1 branch of the dungeon, and saw 4 of its levels.

You collected 212 gold pieces.

Inventory:

Hand Weapons
 a - a +1 rapier (weapon)
Armour
 b - a +1 buckler (worn)
Jewellery
 c - a ring of protection from cold (left tentacle)
 l - a +6 ring of dexterity (right tentacle)
Scrolls
 d - a scroll of vulnerability
 g - 2 scrolls of identify
 m - a scroll of fog
Potions
 e - a potion of brilliance
 h - a potion of degeneration {unknown}
 i - a potion of heal wounds {unknown}
 j - 2 potions of curing {unknown}
 k - a potion of invisibility {unknown}
 o - a potion of attraction {unknown}


   Skills:
 - Level 3.0 Fighting
 + Level 5.5 Short Blades
 - Level 3.0 Dodging
 - Level 3.0 Shields


You had 4 spell levels left.
You didn't know any spells.
Your spell library was empty.

Dungeon Overview and Level Annotations

Branches:
Dungeon (4/15)
 Temple: D:4-7

Altars:
Nemelex Xobeh

Shops:
D:3 =


Innate Abilities, Weirdness & Mutations

You cannot wear most types of armour.
You are amphibious.
You can wear up to eight rings at the same time.
Your skin changes colour to match your surroundings (Stealth+).
Your rubbery body absorbs attacks. (AC +1, EV +1)
((You are camouflaged when in or above water. (Stealth+)))
You have tentacles for arms and can constrict up to eight enemies at once.


Message History

Okay, then.
Something bites the plant.
The plant begins to die.
You hit the gnoll. Your grab misses the gnoll.
The gnoll is moderately wounded.
The gnoll shouts!
You block the gnoll's attack.
You hit the gnoll. You grab the gnoll.
The gnoll is moderately wounded.
You constrict the gnoll. You block the gnoll's attack.
The orc shouts!
You hit the gnoll. You squeeze the gnoll.
The gnoll is severely wounded.
You constrict the gnoll.
You hear a shout!
The gnoll misses you. You block the jackal's attack.
You hit the gnoll.
You kill the gnoll!
The jackal misses you. The jackal closely misses you.
You see here a +0 whip.
You closely miss the orc. Your grab misses the orc. The jackal bites you.
* * * LOW HITPOINT WARNING * * *
You block the orc's attack.
You puncture the orc!
You kill the orc!
The jackal bites you.
* * * LOW HITPOINT WARNING * * *
You block the jackal's attack.
The jackal splashes around in the water.
Things that are here:
a +0 mace; a +0 leather armour The jackal attacks as you move away!
You block the jackal's attack. The jackal bites you.
* * * LOW HITPOINT WARNING * * *
The jackal attacks as you move away!
The jackal bites you but does no damage.
A gnoll comes into view. It is wielding a +0 spear.
An ogre comes into view. It is wielding a +0 giant spiked club.
The jackal bites you.
You die...

.).............# >⌠.⌠...........#
..∩..#####...... #⌠.⌠###.........
...####....O.... ...(...)........
................
.#........##...##################
................@hh)).h..........
≈≈≈≈≈≈≈....≈≈≈≈≈≈≈≈h≈≈≈≈≈≈≈≈≈≈...
≈≈≈≈≈≈≈....≈≈≈≈≈≈≈≈≈≈≈≈≈≈≈≈≈≈≈...
≈≈≈g≈≈≈....≈≈≈≈≈≈≈≈≈≈≈≈#####≈≈...
.......................#o..#≈h...
#######g'''#############...#≈≈P..
#....# #+###≈≈... .'g...+
#.≈≈hh.. ###...g# #.≈≈≈...


You could see an ogre (wandering) and 4 jackals.

Vanquished Creatures
  5 gnolls (D:3)
  An adder (D:3)
  A worm (D:2)
  3 dart slugs
  4 orcs
  11 endoplasms
  3 giant cockroaches
  8 goblins
  5 hobgoblins
  9 jackals
  7 kobolds
  5 quokkas
  9 ball pythons
  5 bats
  4 frilled lizards
  6 rats
86 creatures vanquished.

Vanquished Creatures (others)
  3 plants (D:3)
3 creatures vanquished.

Grand Total: 89 creatures vanquished

Notes
Turn   | Place    | Note
-------+----------+-------------------------------------------
     0 | D:1      | Think the Octopode Fighter began the quest for the Orb.
     0 | D:1      | Reached XP level 1. HP: 16/16 MP: 1/1
   273 | D:1      | You fall into a shaft and drop 1 floor!
   469 | D:1      | Reached XP level 2. HP: 21/21 MP: 2/2
   625 | D:1      | Reached skill level 3 in Short Blades
  1058 | D:1      | Reached XP level 3. HP: 26/26 MP: 3/3
  1754 | D:2      | Reached skill level 4 in Short Blades
  1917 | D:2      | Reached XP level 4. HP: 31/31 MP: 4/4
  2716 | D:3      | Found a sparkling altar of Nemelex Xobeh.
  2941 | D:3      | Found Acibaddowi's Jewellery Shop.
  2971 | D:4      | Identified the +4 quarterstaff of Fear {protect, rCorr
                  | Dex+3}
  2998 | D:3      | Reached skill level 5 in Short Blades
  2998 | D:3      | Reached XP level 5. HP: 23/36 MP: 5/5
  3270 | D:3      | HP: 1/36 [hound (5)]
  3325 | D:3      | Noticed an ogre
  3325 | D:3      | Slain by a jackal

Illustrated notes

Levels and vault maps discovered:
D:1:      scummos_arrival_gate, layout_loops_ring
D:2:      minmay_razor_zed, layout_basic
D:3:      lemuel_castle_with_subvaults [lemuel_castle_interior_original],
          layout_basic, nemelex_xobeh_ov_fountains_minmay, serial_shops,
          shop_fountains, bh_walls_and_bars, uniq_ijyb
D:4:      layout_loops_ring, uniq_blork_the_orc

Skill      XL: |  1  2  3  4 |
---------------+-------------+-----
Short Blades   | 3 4 5 |  5.5
Fighting       | |  3.0
Dodging        | |  3.0
Shields        | |  3.0

Action                   |  1- 3 |  4- 6 || total
-------------------------+-------+-------++-------
Melee: Rapier            |    84 |    80 ||   164
       Constrict         |    19 |    21 ||    40
       Tentacles         |    12 |    16 ||    28
       Punch             |     1 |       ||     1
  Use: Potion            |     2 |       ||     2
       Scroll            |     1 |     3 ||     4
 Stab: Sleeping          |     4 |     4 ||     8
Armor: Skin              |     4 |     6 ||    10
Dodge: Dodged            |    57 |    44 ||   101
Block: Buckler           |    12 |    32 ||    44

Table legend: (Time is in decaauts)
 A = Elapsed time spent in this place.
 B = Non-inter-level travel time spent in this place.
 C = Inter-level travel time spent in this place.
 D = Time resting spent in this place.
 E = Time spent auto-exploring this place.
 F = Levels seen in this place.
 G = Mean time per level.
                   A        B        C        D        E       F      G
               +--------+--------+--------+--------+--------+-----+--------+
         Total |   3332 |   3279 |     53 |    488 |   2115 |   4 |  833.0 |
       Dungeon |   3332 |   3279 |     53 |    488 |   2115 |   4 |  833.0 |
               +--------+--------+--------+--------+--------+-----+--------+

Top non-repeatable levels by time:
     D:1: 1438 daAuts
     D:2: 1092 daAuts
     D:3: 782 daAuts
     D:4: 20 daAuts
